Workbook
Name a: '3 SofW'!$1:$1048576

Sheet Cover Sheet
I1: GS Property
I2: Developments Limited
A14: QUOTATION (Rev D) -referred in the Contract as the Contractor' Priced Schedule of work
A16: CONVERSION OF YEOMANRY HOUSE, 131 CATSLE HILL, READING
A18: INTO
A20: THREE TERRACE HOUSES AND FIVE ONE BEDROOM APARTMENTS
A25: 46097
A35: G S Property Developments Ltd
A36: 29 Little Heath Road
A37: Tilehurst
A38: Reading
A39: RG31 5TY
A41: Contact: | B41: Paul Spokes
A42: Tel: | B42: 0118 9412227 & 07793 444084
A44: Email: | B44: paul@gs-property.co.uk

Sheet Contents
A1: CONTENTS
A3: 1.0 | B3: QUOTATION SUMMARY
A6: 2.0 | B6: BASIS OF QUOTATION
A9: 3.0 | B9: SCHEDULE OF WORKS
B12: APPENDIX A
B14: Drawings and specifications used to prepare this quotation.

Sheet 1 Exec Summary
A1: 1.0 | B1: QUOTATION SUMMARY
A3: Ref. | B3: Element | G3: Total
A4: .01 | B4: Demolitions & Alterations | G4: =+'3 SofW'!F38 -> 203402
A5: .02 | B5: Excavation and earthwork | G5: =+'3 SofW'!F45 -> 74250
A6: .03 | B6: In Situ Concrete | G6: =+'3 SofW'!F52 -> 0
A7: .04 | B7: Pre Cast Concrete | G7: =+'3 SofW'!F59 -> 0
A8: .05 | B8: Brickwork and Blockwork | G8: =+'3 SofW'!F71 -> 33995
A9: .06 | B9: Roofing | G9: =+'3 SofW'!F93 -> 39175
A10: .07 | B10: Woodwork | G10: =+'3 SofW'!F137 -> 143914
A11: .08 | B11: Windows and external doors | G11: =+'3 SofW'!F151 -> 130625
A12: .09 | B12: Steelwork | G12: =+'3 SofW'!F159 -> 5000
A13: .10 | B13: Metalwork | G13: =+'3 SofW'!F166 -> 0
A14: .11 | B14: Plumbing & Mechanical Engineering Installations | G14: =+'3 SofW'!F200 -> 267245
A15: .12 | B15: Electrical Installations | G15: =+'3 SofW'!F248 -> 90000
A16: .13 | B16: Floor Finishes | G16: =+'3 SofW'!F267 -> 29500
A17: .14 | B17: Wall Finishes | G17: =+'3 SofW'!F287 -> 81655
A18: .15 | B18: Ceiling Finishes | G18: =+'3 SofW'!F301 -> 42540
A19: .16 | B19: Furniture & Fittings | G19: =+'3 SofW'!F318 -> 121500
A20: .17 | B20: Painting & Decorating | G20: =+'3 SofW'!F330 -> 58645
A21: .18 | B21: External works | G21: =+'3 SofW'!F389 -> 232590.05
A22: .19 | B22: Preliminaries | G22: =+'3 SofW'!F436 -> 160310
B25: TOTAL | C25: (Excluding VAT, Design Fees & CIL charges - see section 2 for further information) | G25: =SUM(G4:G24) -> 1714346.1
D27: COST PER Sq/ft (Exc VAT) | G27: =+G25/D39 -> 219.23436 | H27: sq/ft
D29: COST PER Sq/ft (ExcL EXTERNAL WORKS & VAT) | G29: =(+G25-G21)/D39 -> 189.49023 | H29: sq/ft
A32: FOR INFORMATION ONLY
A34: Gross Floor Area | C34: m2 | D34: ft2
A35: Basement
A36: Ground floor
A37: First floor
A38: Second floor
A39: Total | C39: 726.4 | D39: =+C39*10.765 -> 7819.696

Sheet 2 Basis
A1: 2.0 | B1: BASIS OF QUOTATION
A3: 2.1 | B3: Brief description of the Works
B5: Conversion of Yeomanry House into three terrace houses and five one bed apartments
B7: Architect: | E7: Colony Architects
B9: Structural Engineer: | E9: TBS
B11: Warranties & Insurances: | E11: TBA
A13: 2.2 | B13: Assumptions
A16: 2.2.1 | B16: The works will not be phased
A18: 2.2.2 | B18: The foul water drainage will fall by gravity into a the existing mains system on site. All licenses permissions etc. for these works to be arranged and paid for by others.
A20: 2.2.3 | B20: Temporary electricity (100 amp supply) and water supplies/services will be provided free of charge by the Employer.
A22: 2.2.4 | B22: Electricity & water supplies are readily available on site. G S Property Developments Ltd has included provisional quantities for service trenches and ducts within the site up to the site boundary. The Employer shall arrange and pay for electricity, water (including drainage), gas, telecom supplies, services, connection and infrastructure fees/charges.
A24: 2.2.5 | B24: The Employer shall discharge all necessary planning conditions and Building Control conditions. The Employer's designers shall advise the Employer on all design matters including planning and building control implications as a result of changes from the approved planning drawings. G S Property Developments Ltd will call out the Building Control Surveyor for any necessary key stage inspections.
A26: 2.2.6 | B26: Fortnightly interim payments with 3% retention. Half the retention fund released on Practical Completion, issue of the Building Control Completion Certificate or occupation (whichever is the earliest) of the works and final payment including release of retention monies 6 months later.
A28: 2.2.7 | B28: We have assumed we will not be excavating below the ground water level as no allowance has been made for dewatering
A30: 2.2.8 | B30: A structural warranty is to be obtained and paid for by the client.
A32: 2.2.9 | B32: Asbestos survey will be arranged and paid for pay the client - Now included
A34: 2.2.10 | B34: Heating and hot water served by suitably sized gas boilers with electric heating to the common areas
A36: 2.3 | B36: Exclusions
A38: 2.3.1 | B38: Gas, water (including drainage), telecoms and electricity supplies, services, connections, service alteration and infrastructure fees/charges - to be paid by the client. - Provisional sum now included for these works
A40: 2.3.2 | B40: Planning fees and charges including and contributions due under Section 106 and/or 278 agreements and the Community Infrastructure Levy.
A42: 2.3.3 | B42: Building Regulation fees and charges.
A44: 2.3.4 | B44: Party wall awards, notices, fees and charges under the Party Wall etc. Act 1996.
A46: 2.3.5 | B46: Building Warranty & Insurance fees and charges e.g. Zurich, NHBC Buildmark or NHBC Solo, etc.
A48: 2.3.6 | B48: Value Added Tax
A50: 2.3.7 | B50: All design fees and charges including building regulations drawings, working drawings, structural calculations, as built drawings, survey drawings, ground investigations, hydrological reports, contamination reports, ground stability reports, environmental reports, SAP calculations, Energy Performance Certificate, and the code for sustainable homes report.
A52: 2.3.8 | B52: Drainage build over notices.
A54: 2.3.9 | B54: Rediverting any mains services.
A56: 2.3.10 | B56: Removing any asbestos or other contaminated or deleterious materials - Asbestos removal now included
A58: 2.3.11 | B58: Carpets, curtains, blind and other soft furnishings - to be supplied and fitted by the client.
A60: 2.3.12 | B60: Soft landscaping, seeding, planting etc. - Provisional sum now included
... A84: 2.2.28 | B84: Foundations deeper than 1m below existing ground fevel
A87: 2.4 | B87: Drawings used to prepare quotation
B89: 2.4.1 | C89: This quotation is based on the specification and drawings set out in Appendix A.
B91: 2.4.2 | C91: Please note we have relied on the accuracy and sufficiency of the information in the designs and drawings produced by the Employer's designers.
A93: 2.5 | B93: Provisional Sums (PS) and Prime Cost Sums (PC sums)
A95: 2.5.1 | B95: Various provisional sums and prime cost sums have been included in this quotation. These will be adjusted accordingly when the actual costs are known with a 20% addition to cover our head office overheads and profit.
A97: 2.6 | B97: Provisional Quantities
A99: 2.6.1 | B99: Various provisional quantities have been included in this quotation. These provisional quantities will be adjusted accordingly when the actual quantities are known.

Sheet 3 SofW
A1: 3.0 | B1: SCHEDULE OF WORKS
C2: Quant. | D2: Unit | E2: Rate | F2: Total | G2: LABOUR | H2: MATERIALS | I2: PLANT | J2: SUB CONTRACT | K2: TOTAL | L2: Check Sum
A3: 3.01 | B3: DEMOLITIONS & ALTERATIONS
A5: - | B5: Asbestos refurbishment and development survey | C5: 1 | D5: Itm | E5: 1400 | F5: =+C5*E5 -> 1400
A7: - | B7: Remove asbestos found - quotation received from Stacey's £44,000 + Vat + OHP. This excludes scaffolding. Most of these costs doe to asbestos found in the external paint so all needs to be removed | C7: 1 | D7: Itm] | E7: 52800 | F7: =+C7*E7 -> 52800
A9: - | B9: Extra over for encapsulated scaffolding and additional hire | C9: 1 | D9: Itm | E9: 5000 | F9: =+C9*E9 -> 5000
A11: - | B11: Disconnection of redundant electrical services | C11: 1 | D11: Itm | E11: 2745 | F11: =+C11*E11 -> 2745
A13: - | B13: Ditto mechanical services | C13: 1 | D13: Itm | E13: 2745 | F13: =+C13*E13 -> 2745
A15: - | B15: Removal of redundant fixtures and fittings | C15: 1 | D15: Itm | E15: 4950 | F15: =+C15*E15 -> 4950
A17: - | B17: Internal demolition and alterations to unit 6 - Inc new window opening | C17: 1 | D17: Itm | E17: 25950 | F17: =+C17*E17 -> 25950
A19: - | B19: Extra over to remove staircase and make floor structure; staircase moved to all floors | C19: 1 | D19: Itm | E19: 2000 | F19: =+C19*E19 -> 2000
A21: - | B21: Ditto unit 7 | C21: 1 | D21: Itm | E21: 22450 | F21: =+C21*E21 -> 22450
A23: - | B23: Extra over to remove staircase and make floor structure; staircase moved to all floors | C23: 1 | D23: Itm | E23: 3500 | F23: =+C23*E23 -> 3500
A25: - | B25: Ditto units 1,2,3,4 & 5 | C25: 1 | D25: Itm | E25: 47872 | F25: =+C25*E25 -> 47872
A27: - | B27: Ditto Unit 8 | C27: 1 | D27: Itm | E27: 24950 | F27: =+C27*E27 -> 24950
... A33: - | B33: Removal and disposal of external staircase | C33: 1 | D33: Itm | E33: 1245 | F33: =+C33*E33 -> 1245
A35: - | B35: Allowance to remove redundant external fixtures, fittings, paving's, landscaping etc | C35: 1 | D35: Itm | F35: Included in External works provisional sum
F38: =SUM(F3:F36) -> 203402
A40: 3.02 | B40: NEW SIDE EXTENSION
A42: - | B42: New two storey side extension (PROVISIONAL SUM) | C42: 27 | D42: m2 | E42: 2750 | F42: =+C42*E42 -> 74250
B45: Section total | F45: =SUM(F42:F44) -> 74250
A48: 3.03 | B48: IN SITU CONCRETE
B52: Section total | F52: =SUM(F48:F51) -> 0
A55: 3.04 | B55: PRE CAST CONCRETE
B59: Section total | F59: =SUM(F55:F58) -> 0
A62: 3.05 | B62: BRICKWORK & BLOCKWORK \ MASONRY
A64: - | B64: Allowance for render and external wall repairs including repointing (PROVISIONAL SUM) | C64: 1 | D64: PS | E64: 10000 | F64: =+C64*E64 -> 10000
A66: - | B66: Redecorate externally - render, window, doors, fascia and soffit | C66: 1 | D66: Itm | E66: 21995 | F66: =+C66*E66 -> 21995
A68: - | B68: Extra coat of paint on render as existing paint needs to be totally removed due to asbestos presence. | C68: 1 | D68: Itm | E68: 2000 | F68: =+C68*E68 -> 2000
B71: Section total | F71: =SUM(F64:F70) -> 33995
A74: 3.06 | B74: ROOFING
A76: - | B76: Allowance for roofing repairs including works to slates, battens, etc including parapet repairs (PROVISIONAL SUM) | C76: 1 | D76: PS | E76: 7500 | F76: =+C76*E76 -> 7500 | G76: =+F76*0.35 -> 2625 | H76: =+F76*0.65 -> 4875 | I76: 0 | J76: 0 | K76: =SUM(G76:J76) -> 7500 | L76: =+K76-F76 -> 0
A78: - | B78: Allowance for general leadwork; soakers, flashings etc repairs (PROPVISIONAL SUM) | C78: 1 | D78: Itm | F78: Included in Prov sum above | G78: =+F78*0.5 -> #VALUE! | H78: =+F78*0.5 -> #VALUE! | I78: 0 | J78: 0 | K78: =SUM(G78:J78) -> #VALUE! | L78: =+K78-F78 -> #VALUE!
A80: - | B80: Allowance for lead roof repairs following lead being stolen | C80: 1 | D80: Itm | E80: 5000 | F80: =+C80*E80 -> 5000
A82: - | B82: Thermal Rockwool type insulation between and over joists | C82: 269 | D82: m2 | E82: 25 | F82: =+C82*E82 -> 6725
A84: - | B84: Extra over for PIR insulation to units 3, 6 & 7 | C84: 170 | D84: m2 | E84: 25 | F84: =+C84*E84 -> 4250
A86: - | B86: Repair and repaint cast iron guttering (PROVISIONAL SUM) | C86: 1 | D86: Itm | E86: 2500 | F86: =+C86*E86 -> 2500
A88: - | B88: Conservation roof lights | C88: 6 | D88: nr | E88: 1500 | F88: =+C88*E88 -> 9000
A90: - | B90: Extra over to trim openings | C90: 6 | D90: nr | E90: 700 | F90: =+C90*E90 -> 4200
B93: Section total | F93: =SUM(F75:F91) -> 39175
A96: 3.07 | B96: WOODWORK | U96: ,4
A98: - | B98: Timber floor repairs - floors to be taken up for services as the ceilings are lath and plaster. Allowance included for new boards where necessary | C98: 1 | D98: Itm | E98: 23566 | F98: =+C98*E98 -> 23566 | G98: =F98*0.3 -> 7069.8 | H98: =+F98*0.7 -> 16496.2 | I98: 0 | J98: 0 | K98: =SUM(G98:J98) -> 23566 | L98: =+K98-F98 -> 0
A100: - | B100: Allowance for acoustic flooring to apartments only | C100: 265 | D100: m2 | E100: 85 | F100: =+C100*E100 -> 22525
A102: - | B102: Acoustic flooring to houses - standard rockwool | C102: 392 | D102: m2 | E102: 35 | F102: Excluded assumed not required
A104: - | B104: Roof structure repairs including works to the dormer windows and parapets (PROVISIONAL SUM) | C104: 1 | D104: PS | E104: 5000 | F104: =+C104*E104 -> 5000 | G104: =+F104*0.3 -> 1500 | H104: =+F104*0.7 -> 3500 | I104: 0 | J104: 0 | K104: =SUM(G104:J104) -> 5000 | L104: =+K104-F104 -> 0
A106: - | B106: Paint and repair timber fascia and soffit | C106: 1 | D106: Itm | E106: 5000 | F106: =+C106*E106 -> 5000 | G106: =+F106*0.25 -> 1250 | H106: =+F106*0.75 -> 3750 | I106: 0 | J106: 0 | K106: =SUM(G106:J106) -> 5000 | L106: =+K106-F106 -> 0
A108: - | B108: First fix; Internal stud partitions; 50 x 100mm treated sawn softwood studding and noggins | C108: 159 | D108: m2 | E108: 75 | F108: =+C108*E108 -> 11925 | G108: =+F108*0.5 -> 5962.5 | H108: =+F108*0.5 -> 5962.5 | I108: 0 | J108: 0 | K108: =SUM(G108:J108) -> 11925 | L108: =+K108-F108 -> 0
A110: - | B110: Unit 7 ground to first floor staircase upgrade works | C110: 1 | D110: Itm | E110: 5500 | F110: =+C110*E110 -> 5500
A112: - | B112: Uni 7 First to second floor softwood staircase | C112: 1 | D112: Itm | E112: 5500 | F112: =+C112*E112 -> 5500
A114: - | B114: Unit 6 ground to first floor softwood staircase upgrade | C114: 1 | D114: Itm | E114: 5500 | F114: =+C114*E114 -> 5500
A116: - | B116: Unit 6 first to second floor staircase | C116: 1 | D116: Itm | E116: 5500 | F116: =+C116*E116 -> 5500
A118: - | B118: Apartments ground to first floor staircase repairs | C118: 1 | D118: Itm | E118: 2750 | F118: =+C118*E118 -> 2750
A120: - | B120: Apartment first to second floor staircase | C120: 1 | D120: Itm | E120: 5500 | F120: =+C120*E120 -> 5500
A122: - | B122: Unit 8 Ground to first floor staircase | C122: 1 | D122: Nr | E122: 5500 | F122: Included in extension costs | G122: =+F122*0.3 -> #VALUE! | H122: =+F122*0.7 -> #VALUE! | I122: 0 | J122: 0 | K122: =SUM(G122:J122) -> #VALUE! | L122: =+K122-F122 -> #VALUE!
A124: - | B124: Units 6, 7 & 4 MDF skirtings | C124: 1 | D124: Itm | E124: 4320 | F124: =+C124*E124 -> 4320
A126: - | B126: Repairing/matching skirtings in units 1,2,3,5 & 8 | C126: 1 | D126: Nr | E126: 11450 | F126: =+C126*E126 -> 11450
A128: - | B128: Refurbish existing doors and frames | C128: 7 | D128: Nr | E128: 300 | F128: =+C128*E128 -> 2100 | G128: =+F128*0.5 -> 1050 | H128: =+F128*0.5 -> 1050 | I128: 0 | J128: 0 | K128: =SUM(G128:J128) -> 2100 | L128: =+K128-F128 -> 0
A130: - | B130: New internal doors and frames - PC sum of £150 to supply door and ironmongery | C130: 43 | D130: Nr | E130: 445 | F130: =+C130*E130 -> 19135 | G130: =+F130*0.3 -> 5740.5 | H130: =+F130*0.7 -> 13394.5 | I130: 0 | J130: 0 | K130: =SUM(G130:J130) -> 19135 | L130: =+K130-F130 -> 0
A132: - | B132: Ditto double doors | C132: 2 | D132: pr | E132: 895 | F132: =+C132*E132 -> 1790
A134: - | B134: Woodwork sundries | C134: 1 | D134: Itm | E134: =ROUND(SUM(F97:F133)*0.05,0) -> 6853 | F134: =+C134*E134 -> 6853 | G134: =+F134*0.5 -> 3426.5 | H134: =+F134*0.5 -> 3426.5 | I134: 0 | J134: 0 | K134: =SUM(G134:J134) -> 6853 | L134: =+K134-F134 -> 0
B137: Section total | F137: =SUM(F97:F135) -> 143914
A140: 3.08 | B140: WINDOWS & EXTERNAL DOORS
A142: - | B142: Allowance for external window and door repairs (No allowance for repairing window shutters to operational use) | C142: 69 | D142: Nr | E142: 1165 | F142: =+C142*E142 -> 80385 | G142: 0 | H142: 0 | I142: 0 | J142: =+F142 -> 80385 | K142: =SUM(G142:J142) -> 80385 | L142: =+K142-F142 -> 0
A144: - | B144: Allowance for secondary double glazing (PROVISIOANL SUM) | C144: 69 | D144: PS | E144: 500 | F144: =+C144*E144 -> 34500
A146: - | B146: New sash windows | C146: 3 | D146: Nr | E146: 3250 | F146: =+C146*E146 -> 9750
A148: - | B148: Extra over for new external door to units 6 & 7 (Unit 8 included in extension costs) | C148: 2 | D148: Nr | E148: 2995 | F148: =+C148*E148 -> 5990
B151: Section total | F151: =SUM(F140:F149) -> 130625
A154: 3.09 | B154: STRUCTURAL STEELWORK
A156: - | B156: Structural steelwork - lintels included elsewhere - PROVISIONAL SUM (No design provided) | C156: 1 | D156: PS | E156: 5000 | F156: =+C156*E156 -> 5000 | G156: =+F156*0.4 -> 2000 | H156: =+F156*0.6 -> 3000 | I156: 0 | J156: 0 | K156: =SUM(G156:J156) -> 5000 | L156: =+K156-F156 -> 0
B159: Section total | F159: =SUM(F155:F158) -> 5000
A162: 3.10 | B162: METALWORK
B166: Section total | F166: =SUM(F163:F165) -> 0
A169: 3.11 | B169: PLUMBING & MECHANICAL ENGINEERING INSTALLATIONS
A171: - | B171: Gas boilers to houses | C171: 3 | D171: Nr | E171: 3950 | F171: =+C171*E171 -> 11850 | G171: 0 | H171: 0 | I171: 0 | J171: =+F171 -> 11850 | K171: =SUM(G171:J171) -> 11850 | L171: =+K171-F171 -> 0
A173: - | B173: Megaflo or similar to units 6, 7 & 8 | C173: 3 | D173: Nr | E173: 2995 | F173: =+C173*E173 -> 8985
A175: - | B175: Electric boiler to flats | C175: 5 | D175: Nr | E175: 3500 | F175: =+C175*E175 -> 17500
A177: - | B177: Radiator points - column radiators or towel rails | C177: 42 | D177: nr | E177: 1500 | F177: =+C177*E177 -> 63000
A179: - | B179: Electric heaters to common areas & flats | C179: 22 | D179: nr | E179: 1250 | F179: =+C179*E179 -> 27500
A181: - | B181: Hot water points | C181: 44 | D181: nr | E181: 190 | F181: =+C181*E181 -> 8360 | G181: 0 | H181: 0 | I181: 0 | J181: =+F181 -> 8360 | K181: =SUM(G181:J181) -> 8360 | L181: =+K181-F181 -> 0
A183: - | B183: Cold water points - | C183: 70 | D183: nr | E183: 190 | F183: =+C183*E183 -> 13300
A185: - | B185: Wastes | C185: 70 | D185: nr | E185: 190 | F185: =+C185*E185 -> 13300
A187: - | B187: Soil and vent pipe including boxing | C187: 9 | D187: nr | E187: 1000 | F187: =+C187*E187 -> 9000
A189: - | B189: Allowance to supply only sanitary ware including all brassware and wet room trays, fixtures and fittings (PROVISIONAL SUM) | C189: 1 | D189: PS | E189: 50000 | F189: =+C189*E189 -> 50000 | G189: 0 | H189: =+F189 -> 50000 | I189: 0 | J189: 0 | K189: =SUM(G189:J189) -> 50000 | L189: =+K189-F189 -> 0
A191: - | B191: Labour associated with first and second fix plumbing including fix only sanitary ware - | C191: 1 | D191: Itm | E191: 32000 | F191: =+C191*E191 -> 32000 | G191: 0 | H191: 0 | I191: 0 | J191: =+F191 -> 32000 | K191: =SUM(G191:J191) -> 32000 | L191: =+K191-F191 -> 0
A193: - | B193: Repair and paint cast iron down pipes | C193: 1 | D193: Itm | E193: 2450 | F193: =+C193*E193 -> 2450 | G193: 0 | H193: 0 | I193: 0 | J193: =+F193 -> 2450 | K193: =SUM(G193:J193) -> 2450 | L193: =+K193-F193 -> 0
A195: - | B195: Supply and fit water softener | D195: Itm | F195: Excluded
A197: - | B197: Builders work in connection with services | C197: 8 | D197: nr | E197: 1250 | F197: =+C197*E197 -> 10000
B200: Section total | F200: =SUM(F170:F198) -> 267245
A203: 3.12 | B203: ELECTRICAL INSTALLATIONS
A205: - | B205: Electrical installation; concealed wiring; white plastic fittings PROVISIONAL SUM - to be remeasured using the following schedule of rates - | C205: 1 | D205: PS | E205: 85000 | F205: =+C205*E205 -> 85000
B207: Double socket outlet or appliance outlet | D207: Nr | E207: 95 | G207: 0 | H207: 0 | I207: 0 | J207: =+F207 | K207: =SUM(G207:J207) -> 0 | L207: =+K207-F207 -> #VALUE!
B208: Shaver point | D208: Nr | E208: 126
B209: Supply to illuminated mirror | D209: Nr | E209: 99.75
B210: Towel rail heater supply | D210: Nr | E210: 105
B211: Oven point | D211: Nr | E211: 175
B212: Induction hob point | D212: Nr | E212: 175
B213: Extra over DSSO for integrated USB point | D213: Nr | E213: 26.25
B214: Pendant or batten light holder | D214: Nr | E214: 90 | G214: 0 | H214: 0 | I214: 0 | J214: =+F214 | K214: =SUM(G214:J214) -> 0 | L214: =+K214-F214 -> #VALUE!
B215: Wall lights (Fittings provided by the client free of charge) | D215: Nr | E215: 100
B216: Light switch - max two gang | D216: Nr | E216: 89.25
...

Sheet Appendix A
B1: `
A9: APPENDIX A DRAWINGS USED FOR PREPERATION OF QUOTATION - CONTRACT DRAWINGS
A13: Content of appendix A
A15: Colony Architects drawings
A17: Planning application drawinsg prepared by Colony - 16_03_26
A19: G S Property Developments Ltd
A20: 29 Little Heath Road
A21: Tilehurst
A22: Reading
A23: RG31 5TY
A25: Contact: Paul Spokes
A26: Tel/Fax: 0118 9412227
A27: Mobile: 07793 444084
A28: Email: paul@gs-property.co.uk
D66: .

Sheet Sheet11

Sheet Sheet12

Sheet Sheet14

Sheet Sheet15

Sheet Sheet16

Sheet Sheet1
